 Dungeon Crawl Stone Soup version 0.27-a0-1500-g450c7e4133 (webtiles) character file.

Game seed: 12545952673715876904

222 Spaninq the Chiller (level 5, -7/38 HPs)
             Began as a Merfolk Ice Elementalist on July 7, 2021.
             Was a Believer of Qazlal.
             Mangled by a gnoll (9 damage)
             ... while paralysed by Grinder
             ... on level 4 of the Dungeon.
             The game lasted 00:15:10 (4092 turns).

Spaninq the Chiller (Merfolk Ice Elementalist)      Turns: 4092, Time: 00:15:11

Health: -7/38      AC:  2    Str:  8    XL:     5   Next: 99%
Magic:  7/10       EV:  2    Int: 16    God:    Qazlal [**....]
Gold:   121        SH:  0    Dex: 14    Spells: 5/11 levels left

rFire    . . .     SeeInvis .   l - +1 dagger (venom)
rCold    . . .     Faith    .   (no shield)
rNeg     . . .     Spirit   .   a - +0 robe
rPois    .         Reflect  .   (no helmet)
rElec    .         Harm     .   (no cloak)
rCorr    .         Rampage  .   (no gloves)
Will     .....                  (no boots)
Stlth    ++........             (no amulet)
HPRegen  0.12/turn              (no ring)
MPRegen  0.12/turn              (no ring)

@: paralysed
A: (nimble swimmer 2), mertail
a: Renounce Religion, Upheaval


You were on level 4 of the Dungeon.
You worshipped Qazlal.
Qazlal was pleased with you.
You visited 1 branch of the dungeon, and saw 4 of its levels.

You collected 121 gold pieces.

Inventory:

Hand Weapons
 l - a +1 dagger of venom (weapon)
Missiles
 e - a throwing net
Armour
 a - a +0 robe (worn)
Magical Staves
 n - a staff of cold
Scrolls
 d - 2 scrolls of immolation {unknown}
 g - a scroll of teleportation {unknown}
 i - a scroll of magic mapping {unknown}
 m - a scroll of amnesia {unknown}
Potions
 b - a potion of attraction {unknown}
 c - a potion of resistance {unknown}
 f - 2 potions of curing {unknown}
 h - a potion of might {unknown}
 j - 2 potions of flight {unknown}
 k - a potion of magic {unknown}
 o - a potion of lignification {unknown}
 p - a potion of heal wounds {unknown}
 q - a potion of cancellation {unknown}


   Skills:
 + Level 2.0 Fighting
 + Level 3.9 Dodging
 - Level 2.4 Stealth
 * Level 3.5 Spellcasting
 + Level 1.0 Conjurations
 - Level 0.4 Necromancy
 - Level 5.0 Ice Magic
 + Level 1.0 Earth Magic


You had 5 spell levels left.
You knew the following spells:

 Your Spells              Type           Power      Damage    Failure   Level
a - Freeze                Ice            72%        1d9       2%          1
b - Apportation           Tloc           4%         N/A       19%         1
c - Animate Skeleton      Necr           8%         N/A       14%         1
d - Stone Arrow           Conj/Erth      12%        3d7       34%         3

Your spell library contained the following spells:

 Spells                   Type           Power      Damage    Failure   Level
 Frozen Ramparts          Ice            36%        1d5       7%          3
 Ozocubu's Armour         Ice            18%        N/A       7%          3
 Corona                   Hex            2%         N/A       19%         1
 Summon Small Mammal      Summ           8%         N/A       19%         1
 Hailstorm                Conj/Ice       12%        3d5       45%         4
 Call Canine Familiar     Summ           2%         N/A       47%         3
 Gell's Gravitas          Tloc           1%         N/A       47%         3
 Lesser Beckoning         Tloc           1%         N/A       47%         3
 Summon Guardian Golem    Hex/Summ       2%         N/A       47%         3
 Teleport Other           Tloc           2%         N/A       47%         3
 Animate Armour           Summ/Erth      8%         N/A       80%         4
 Lehudib's Crystal Spear  Conj/Erth      3%         10d2      100%        8


Dungeon Overview and Level Annotations

Branches:
Dungeon (4/15)
 Temple: D:4-7

Altars:
Elyvilon
Nemelex Xobeh
Okawaru
Qazlal
Zin

Annotations:
D:4 Grinder


Innate Abilities, Weirdness & Mutations

((You are quick and stealthy near water. (Stealth+, EV+, Speed+++)))
Your lower body shifts to a powerful aquatic tail in water.


Message History

You feel a surge of power!
You freeze Grinder.
Grinder resists.
Grinder is heavily wounded.
A gnoll comes into view. It is wielding a +0 flail.
Grinder closely misses you.
A gnoll sergeant comes into view. It is wielding a +0 spear.
Casting: Freeze (safe; 2% risk of failure)
Confirm with . or Enter, or press ? or * to list all spells.
Aiming: Freeze (safe; 2% risk of failure)
Press: ? - help, Shift-Dir - straight line, f/p - Grinder
Aim: Grinder (thunder, heavily wounded)
You feel a surge of power!
You freeze Grinder.
Grinder resists.
Grinder is heavily wounded.
The gnoll shouts!
You block Grinder's attack.
Casting: Freeze (safe; 2% risk of failure)
Confirm with . or Enter, or press ? or * to list all spells.
Aiming: Freeze (safe; 2% risk of failure)
Press: ? - help, Shift-Dir - straight line, f/p - Grinder
Aim: Grinder (thunder, heavily wounded)
You feel a surge of power!
You freeze Grinder but do no damage.
Grinder completely resists.
Grinder hits you but does no damage.
Your +1 dagger of venom begins to drip with poison!
l - a +1 dagger of venom (weapon)
You barely miss Grinder.
Grinder is heavily wounded.
Grinder blinks!
A gnoll comes into view. It is wielding a +0 flail.
You block the gnoll's attack.
Grinder blinks!
Grinder gestures at you.
You suddenly lose the ability to move!
The gnoll hits you with a +0 whip! Grinder hits you!
* * * LOW HITPOINT WARNING * * *
You writhe in agony.
* * * LOW HITPOINT WARNING * * *
The gnoll hits you with a +0 whip.
* * * LOW HITPOINT WARNING * * *
Grinder gestures at you.
You shrug off the repeated paralysis!
The gnoll hits you with a +0 flail!
You die...

.b................
....................
..............<.....
....[#............. ..#
................... .g..
#.##.#............. ....###
#.##...............
..gg..####5##..#..#...##...^
...5.#..gg@..###..#...###..
#..#.##g##......#.#..<...
..####......######.......###.
#.......##..## #.#.....#
#..####..#...#####.##.#....
##.#..(....#.##.#.##.
#.#...###...##...# #. #.#...#
########## #.†...#


You could see Grinder, a gnoll sergeant and 2 gnolls.

Vanquished Creatures
  An orc priest (D:3)
  An iguana (D:4)
  3 adders (D:3)
  A worm (D:2)
  A dart slug (D:3)
  7 orcs
  6 endoplasms
  3 giant cockroaches
  3 goblins
  7 hobgoblins
  20 jackals
  2 quokkas
  3 ball pythons
  3 bats
  3 frilled lizards
  3 kobolds
  5 rats
72 creatures vanquished.

Vanquished Creatures (collateral kills)
  A necrophage (D:4)
1 creature vanquished.

Grand Total: 73 creatures vanquished

Notes
Turn   | Place    | Note
-------+----------+-------------------------------------------
     0 | D:1      | Spaninq the Merfolk Ice Elementalist began the quest for
                  | the Orb.
     0 | D:1      | Reached XP level 1. HP: 13/13 MP: 3/3
   410 | D:1      | Reached XP level 2. HP: 19/19 MP: 3/5
   456 | D:1      | Learned a level 1 spell: Apportation
   458 | D:1      | Learned a level 1 spell: Animate Skeleton
   940 | D:1      | Found a faded altar of an unknown god.
   948 | D:1      | Became a worshipper of Qazlal Stormbringer
   948 | D:1      | Reached * piety under Qazlal
  1293 | D:2      | Reached XP level 3. HP: 24/24 MP: 4/6
  1640 | D:2      | Found a glowing silver altar of Zin.
  1928 | D:2      | Learned a level 3 spell: Stone Arrow
  2218 | D:3      | Reached skill level 1 in Fighting
  2218 | D:3      | Reached skill level 5 in Ice Magic
  2218 | D:3      | Reached XP level 4. HP: 17/32 MP: 0/8
  2233 | D:3      | HP: 1/32 [orc (2)]
  2240 | D:3      | Reached ** piety under Qazlal
  3128 | D:3      | Reached XP level 5. HP: 31/37 MP: 4/9
  3258 | D:3      | Found an iron altar of Okawaru.
  3771 | D:3      | Found a sparkling altar of Nemelex Xobeh.
  3841 | D:4      | Found a white marble altar of Elyvilon.
  3863 | D:4      | Noticed a necrophage
  3891 | D:4      | Killed a necrophage
  3892 | D:4      | Reached skill level 1 in Conjurations
  3892 | D:4      | Reached skill level 1 in Earth Magic
  4075 | D:4      | Noticed Grinder
  4090 | D:4      | Paralysed by Grinder for 3 turns
  4092 | D:4      | Mangled by a gnoll

Illustrated notes

Levels and vault maps discovered:
D:1:      minmay_arrival_stone_box, layout_loops_cross,
          hellmonk_ecumenical_altar_run_dry,
          hangedman_abyss_or_decor_lesser_grid
D:2:      layout_loops_ring, basic_altar
D:3:      cheibrodos_pilgrimage, layout_basic,
          mainiacjoe_overflow_concentric_impassable, nemelex_dance_club_becter
D:4:      layout_rooms, overflow_temple_1_default,
          minmay_temple_entry_butterflies, uniq_grinder

Skill      XL: |  1  2  3  4  5 |
---------------+----------------+-----
Dodging        | 3 |  3.9
Fighting       | 1 2 |  2.0
Spellcasting   | 3 |  3.5
Ice Magic      | 5 |  5.0
Conjurations   | 1 |  1.0
Earth Magic    | 1 |  1.0
Stealth        | |  2.4
Necromancy     | |  0.4

Action                   |  1- 3 |  4- 6 || total
-------------------------+-------+-------++-------
Melee: Unarmed           |     1 |       ||     1
       Dagger            |    38 |    11 ||    49
       Staff             |     3 |     4 ||     7
 Cast: Freeze            |    60 |    54 ||   114
       Animate Skeleton  |     2 |     3 ||     5
Armor: Robe              |    15 |    14 ||    29
Dodge: Dodged            |    72 |    30 ||   102
Block: Other             |     4 |    10 ||    14

Table legend: (Time is in decaauts)
 A = Elapsed time spent in this place.
 B = Non-inter-level travel time spent in this place.
 C = Inter-level travel time spent in this place.
 D = Time resting spent in this place.
 E = Time spent auto-exploring this place.
 F = Levels seen in this place.
 G = Mean time per level.
                   A        B        C        D        E       F      G
               +--------+--------+--------+--------+--------+-----+--------+
         Total |   4087 |   4038 |     49 |    643 |   2767 |   4 | 1021.8 |
       Dungeon |   4087 |   4038 |     49 |    643 |   2767 |   4 | 1021.8 |
               +--------+--------+--------+--------+--------+-----+--------+

Top non-repeatable levels by time:
     D:3: 1676 daAuts
     D:1: 1250 daAuts
     D:2: 911 daAuts
     D:4: 249 daAuts
